 Dungeon Sprint DCSS version 0.25.1-1-g288607f (webtiles) character file.

Game seed: 18264279606563052082

6620 Kalegnar the Bringer of Light (level 11, -1/100 HPs)
             Began as a Formicid Fighter on Dec 18, 2020.
             Was the Champion of the Shining One.
             Slain by a stone giant (37 damage)
             ... in the Dungeon (Sprint IX: "|||||||||||||||||||||||||||||").
             The game lasted 00:08:42 (1131 turns).

Kalegnar the Bringer of Light (Formicid Fighter)    Turns: 1131, Time: 00:08:42

Health: -1/100     AC: 15    Str: 26    XL:     11   Next: 22%
Magic:  22/22      EV: 11    Int: 12    God:    the Shining One [******]
Gold:   23         SH: 24    Dex: 10    Spells: 10/10 levels left

rFire    . . .     SeeInvis +   h - +4 quarterstaff (speed)
rCold    . . .     Gourm    .   c - +0 kite shield
rNeg     + + +     Faith    .   j - +1 chain mail
rPois    .         Spirit   .   (helmet unavailable)
rElec    .         Reflect  .   a - +0 cloak
rCorr    .         Harm     .   w - +0 pair of gloves
MR       +....                  x - +0 pair of boots
Stlth    ..........             (no amulet)
HPRegen  0.26/turn              p - +3 ring of strength
MPRegen  0.18/turn              k - +3 ring of intelligence

@: divine shield, glowing
A: permanent stasis, dig shafts and tunnels, four strong arms, antennae 3
a: Dig, Divine Shield, Cleansing Flame, Summon Divine Warrior, Brand Weapon With
Holy Wrath, Renounce Religion


You were in the Dungeon.
You worshipped the Shining One.
The Shining One was exalted by your worship.
You were not hungry.

You visited 1 branch You collected 23 gold pieces.

Inventory:

Hand Weapons
 h - a +4 quarterstaff of speed (weapon)
Armour
 a - a +0 cloak (worn)
 c - a +0 kite shield (worn)
 j - a +1 chain mail (worn)
 w - a +0 pair of gloves (worn)
 x - a +0 pair of boots (worn)
Jewellery
 k - a +3 ring of intelligence (right hand)
 p - a +3 ring of strength (left hand)
Wands
 o - a wand of iceblast (10)
 y - a wand of digging (5)
Scrolls
 m - 4 scrolls of remove curse
 n - 2 scrolls of amnesia
 s - a scroll of fog
 t - 2 scrolls of enchant armour
 u - 3 scrolls of fear
Potions
 b - 2 potions of resistance
 d - a potion of invisibility
 e - 4 potions of curing
 g - 5 potions of heal wounds
 i - 4 potions of magic
 l - a potion of brilliance
 q - a potion of mutation
Miscellaneous
 r - a box of beasts
Comestibles
 f - 11 rations
 v - 8 chunks of flesh


   Skills:
 - Level 14.0 Fighting
 - Level 14.0 Staves
 + Level 8.0 Armour
 - Level 6.0 Dodging
 - Level 10.0 Shields
 + Level 14.8 Invocations


You had 10 spell levels left.
You didn't know any spells.
Your spell library was empty.

Dungeon Overview and Level Annotations

Branches:
Dungeon (1/1)

Altars:
Cheibriados
Dithmenos
Elyvilon
Fedhas
Gozag
Hepliaklqana
Kikubaaqudgha
Makhleb
Nemelex Xobeh
Okawaru
Qazlal
Ru
Sif Muna
Trog
Uskayaw
Vehumet
Wu Jian
Xom
Yredelemnul
Zin
The Shining One
Beogh
Jiyva
Lugonu


Innate Abilities, Weirdness & Mutations

You cannot be hasted, slowed, berserked, paralysed or teleported.
You can dig through walls and to a lower floor.
Your four strong arms can wield two-handed weapons with a shield.
You have a pair of large antennae on your head. (SInv)


Message History

The stone giant is heavily wounded.
The stone giant hits you.
You hit the stone giant.
The stone giant is heavily wounded.
You hit the stone giant.
The stone giant is heavily wounded.
You block the stone giant's attack.
You completely miss the stone giant.
The stone giant is heavily wounded.
You hit the stone giant.
The stone giant is severely wounded.
You hit the stone giant but do no damage.
The stone giant is severely wounded.
The stone giant hits you.
You sock the stone giant!
The stone giant is severely wounded.
You sock the stone giant!
The stone giant is almost dead.
The stone giant hits you!!!
You die...

▓▓▓▓▓▓▓▓▓▓▓
▓<▓...▓...▓
▓.▓.▓.▓.▓.▓
▓.▓.▓.▓.▓.▓
▓(▓.▓.▓.▓.▓
▓)▓.▓.▓.▓.▓
▓)▓.▓.▓.▓.▓
▓.▓.▓.▓.▓)▓
▓.▓.▓'▓.▓@▓
▓.▓.▓.▓.▓C▓
▓.▓.▓.▓.▓o▓
▓÷▓.▓!▓.▓o▓
▓.▓.▓.▓.▓.▓
▓.▓.▓.▓.▓.▓
▓.▓.▓.▓.▓)▓
▓.▓.▓.▓.▓)▓
▓.▓.▓)▓.▓$▓


You could see a stone giant and 2 orcs.

Vanquished Creatures
  An orc knight (D)
  A harpy (shapeshifter) (D)
  A black mamba (D)
  2 spiny frogs (D)
  2 komodo dragons (D)
  6 polar bears (D)
  4 hippogriffs (D)
  A yak (D)
  A wyvern (D)
  A basilisk (D)
  Eustachio (D)
  2 water moccasins (D)
  A porcupine (D)
  3 orc warriors (D)
  An ice beast (D)
  A sky beast (D)
  2 black bears (D)
  A wolf (D)
  2 centaurs (D)
  A big kobold (D)
  A crocodile (D)
  3 bullfrogs (D)
  A scorpion (D)
  A wight (D)
  A howler monkey (D)
  A crimson imp (D)
  A quasit (D)
  2 hounds (D)
  An orc wizard (D)
  An adder zombie (D)
  A dart slug (D)
  An orc (D)
  A giant cockroach (D)
  A goblin (D)
  A jackal (D)
  A kobold (D)
  A frilled lizard (D)
55 creatures vanquished.

Vanquished Creatures (others)
  A spatial maelstrom (D)
1 creature vanquished.

Grand Total: 56 creatures vanquished

Notes
Turn   | Place    | Note
-------+----------+-------------------------------------------
     0 | D        | Kalegnar the Formicid Fighter began the quest for the Orb.
     0 | D        | Reached XP level 1. HP: 18/18 MP: 1/1
    11 | D        | Banished a spatial maelstrom
    21 | D        | Reached XP level 2. HP: 12/24 MP: 2/2
   163 | D        | Noticed a scorpion
   163 | D        | Noticed a howler monkey
   163 | D        | Noticed a sky beast
   169 | D        | Killed a scorpion
   169 | D        | Reached XP level 3. HP: 29/29 MP: 3/3
   169 | D        | Reached XP level 4. HP: 35/35 MP: 4/4
   182 | D        | Reached XP level 5. HP: 32/43 MP: 5/5
   191 | D        | Killed a sky beast
   191 | D        | Reached skill level 10 in Staves
   191 | D        | Reached XP level 6. HP: 42/55 MP: 6/6
   203 | D        | Found a roughly hewn altar of Beogh.
   203 | D        | Found a snail-covered altar of Cheibriados.
   203 | D        | Found a shadowy altar of Dithmenos.
   203 | D        | Found a white marble altar of Elyvilon.
   203 | D        | Found a blossoming altar of Fedhas.
   203 | D        | Found an opulent altar of Gozag.
   204 | D        | Found a hazy altar of Hepliaklqana.
   205 | D        | Found a viscous altar of Jiyva.
   206 | D        | Found an ancient bone altar of Kikubaaqudgha.
   207 | D        | Found a corrupted altar of Lugonu.
   208 | D        | Found a burning altar of Makhleb.
   209 | D        | Found a sparkling altar of Nemelex Xobeh.
   210 | D        | Found an iron altar of Okawaru.
   211 | D        | Found a stormy altar of Qazlal.
   212 | D        | Found a sacrificial altar of Ru.
   213 | D        | Found a shimmering blue altar of Sif Muna.
   214 | D        | Found a bloodstained altar of Trog.
   215 | D        | Found a hide-covered altar of Uskayaw.
   216 | D        | Found a radiant altar of Vehumet.
   217 | D        | Found an ornate altar of the Wu Jian Council.
   218 | D        | Found a shimmering altar of Xom.
   219 | D        | Found a basalt altar of Yredelemnul.
   220 | D        | Found a glowing silver altar of Zin.
   221 | D        | Found a glowing golden altar of the Shining One.
   281 | D        | Became a worshipper of the Shining One
   292 | D        | Reached * piety under the Shining One
   300 | D        | Reached XP level 7. HP: 58/63 MP: 6/10
   307 | D        | Reached ** piety under the Shining One
   310 | D        | Reached skill level 5 in Invocations
   379 | D        | Noticed a wyvern
   379 | D        | Noticed a harpy
   379 | D        | Noticed a water moccasin
   379 | D        | Reached *** piety under the Shining One
   387 | D        | Killed a wyvern
   395 | D        | Killed a harpy
   395 | D        | Reached skill level 10 in Fighting
   395 | D        | Reached skill level 5 in Shields
   395 | D        | Reached XP level 8. HP: 51/72 MP: 8/13
   397 | D        | Reached skill level 5 in Armour
   398 | D        | Reached **** piety under the Shining One
   601 | D        | Noticed a komodo dragon
   601 | D        | Noticed a hippogriff
   601 | D        | Noticed a hippogriff
   601 | D        | Noticed a basilisk
   609 | D        | Killed a komodo dragon
   609 | D        | Reached skill level 5 in Dodging
   609 | D        | Reached XP level 9. HP: 74/78 MP: 11/15
   616 | D        | Killed a hippogriff
   620 | D        | Killed a hippogriff
   623 | D        | Reached skill level 10 in Invocations
   629 | D        | Noticed a black mamba
   654 | D        | Killed a black mamba
   654 | D        | Reached XP level 10. HP: 74/89 MP: 15/18
   717 | D        | Noticed a spiny frog
   717 | D        | Reached ***** piety under the Shining One
   717 | D        | Noticed a komodo dragon
   718 | D        | Noticed a spiny frog
   723 | D        | Killed a spiny frog
   731 | D        | Killed a komodo dragon
   747 | D        | Killed a spiny frog
   888 | D        | Reached skill level 10 in Shields
   888 | D        | Reached XP level 11. HP: 86/100 MP: 19/21
   976 | D        | Noticed Eustachio
   988 | D        | Killed Eustachio
   988 | D        | Reached ****** piety under the Shining One
  1060 | D        | Noticed an orc knight
  1071 | D        | Noticed a stone giant
  1092 | D        | Killed an orc knight
  1131 | D        | Slain by a stone giant

Illustrated notes

Levels and vault maps discovered:
D:        linesprint [early_d, line_temple, items_1, d_10, items_2, lair_1,
          lair_end, items_3, orc_1, orc_end, items_4, d_15, swamp_1, shoals_1,
          snake_1, spider_1, d_20, vaults_1, items_5, swamp_end, shoals_end,
          snake_end, spider_end, vaults_end, d_27, items_6, zot_1, zot_end,
          crypt_end, forest_end, elf_end, slime_end, tomb_end, abyss_end,
          pan_hell_end]

Skill      XL: |  1  2  3  4  5  6  7  8  9 10 11 |
---------------+----------------------------------+-----
Staves         | 4 7 9 10 11 12 13 14 | 14.0
Fighting       | 4 7 8 10 11 14 | 14.0
Dodging        | 3 4 5 6 |  6.0
Invocations    | 4 7 9 11 13 14 | 14.8
Armour         | 4 6 8 |  8.0
Shields        | 5 6 10 | 10.0

Action                   |  1- 3 |  4- 6 |  7- 9 | 10-12 || total
-------------------------+-------+-------+-------+-------++-------
Melee: Quarterstaff      |    22 |    31 |    87 |   155 ||   295
Invok: Divine Shield     |       |       |     2 |     3 ||     5
  Use: Potion            |     2 |       |       |     1 ||     3
  Eat: Chunk             |       |       |       |     1 ||     1
Armor: Scale mail        |    10 |     4 |       |       ||    14
       Chain mail        |       |       |    12 |    15 ||    27
Dodge: Dodged            |     4 |    12 |    10 |     4 ||    30
Block: Kite shield       |     4 |     7 |    31 |    50 ||    92
